 Dungeon Crawl Stone Soup version 0.28-a0-474-g535839065c (webtiles) character file.

Game seed: 6579652276454316890

3387 jt the Fighter (level 9, 0/77 HPs)
             Began as a Demonspawn Cinder Acolyte on Sept 15, 2021.
             Was a High Priest of Ignis.
             Slain by a komodo dragon (25 damage)
             ... on level 8 of the Dungeon.
             The game lasted 00:25:25 (11041 turns).

jt the Fighter (Demonspawn Cinder Acolyte)         Turns: 11041, Time: 00:25:26

Health: 0/77       AC: 15    Str: 18    XL:     9   Next: 74%
Magic:  10/10      EV:  5    Int: 22    God:    Ignis [*****.]
Gold:   391        SH:  0    Dex: 12    Spells: 6/10 levels left

rFire   + . .      SeeInvis .   b - +1 hunting sling (freeze)
rCold   . . .      Faith    .   (no shield)
rNeg    . . .      Spirit   .   w - +0 plate armour
rPois   .          Reflect  .   v - +0 helmet
rElec   .          Harm     .   r - +1 cloak
rCorr   .          Rampage  .   (no gloves)
Will    .....                   J - +0 pair of boots
Stlth   ..........              (no amulet)
HPRegen 0.22/turn               l - +6 ring of intelligence
MPRegen 0.24/turn               (no ring)

@: no status effects
A: claws 1, thin skeletal structure 2, powered by death 2, magic regeneration
a: Renounce Religion, Sea of Fire, Foxfire Swarm, Rising Flame


You were on level 8 of the Dungeon.
You worshipped Ignis.
Ignis was extremely pleased with you.
You visited 2 branches of the dungeon, and saw 9 of its levels.

You collected 391 gold pieces.

Inventory:

Hand Weapons
 a - a -1 hand axe of flaming
 b - a +1 hunting sling of freezing (weapon)
 i - a +0 halberd
 s - a +0 arbalest of flaming
 A - a +1 short sword of electrocution
 F - a +0 shortbow
Missiles
 c - 106 arrows
 h - 144 stones (quivered ammo)
 y - 11 poisoned darts
 C - 3 boomerangs of dispersal
 I - 11 boomerangs
Armour
 f - a +0 robe
 j - a +0 ring mail
 r - a +1 cloak (worn)
 v - a +0 helmet (worn)
 w - a +0 plate armour (worn)
 G - a +0 troll leather armour
 J - a +0 pair of boots (worn)
Magical Staves
 o - a staff of death
Jewellery
 l - a +6 ring of intelligence (left claw)
Wands
 k - a wand of iceblast (12)
 u - a wand of flame (38)
Scrolls
 g - 2 scrolls of fog
 m - a scroll of fear
 t - 2 scrolls of vulnerability
 x - a scroll of amnesia
 D - a scroll of enchant armour
 H - a scroll of magic mapping
Potions
 d - 3 potions of curing
 e - 5 potions of mutation
 n - a potion of attraction
 q - 3 potions of flight
 z - 2 potions of brilliance


   Skills:
 + Level 9.5 Fighting
 - Level 6.7 Axes
 - Level 6.0 Slings
 - Level 2.0 Armour
 - Level 2.0 Dodging
 - Level 1.0 Spellcasting
 - Level 2.6 Fire Magic
 + Level 2.9 Evocations


You had 6 spell levels left.
You knew the following spells:

 Your Spells              Type           Power      Damage    Failure   Level
a - Scorch                Fire           24%        2d6       98%         2
b - Wereblood             Tmut           1%         N/A       100%        2

Your spell library contained the following spells:

 Spells                   Type           Power      Damage    Failure   Level
 Beastly Appendage        Tmut           2%         N/A       100%        1
 Pain                     Necr           4%         1d4       100%        1
 Sandblast                Erth           2%         2d4       100%        1
 Passwall                 Tmut/Erth      0%         N/A       100%        2
 Static Discharge         Conj/Air       1%         N/A       100%        2
 Spider Form              Tmut/Pois      0%         N/A       100%        3
 Stone Arrow              Conj/Erth      2%         3d7       100%        3
 Olgreb's Toxic Radiance  Pois           1%         N/A       100%        4
 Summon Ice Beast         Ice/Summ       1%         N/A       100%        4
 Agony                    Necr           1%         N/A       100%        5
 Excruciating Wounds      Necr           0%         N/A       100%        5
 Lightning Bolt           Conj/Air       0%         1d11      100%        5
 Summon Mana Viper        Hex/Summ       1%         N/A       100%        5
 Monstrous Menagerie      Summ           0%         N/A       100%        7
 Ozocubu's Refrigeration  Ice            0%         4d5       100%        7
 Ignition                 Fire           6%         3d4       100%        8
 Maxwell's Capacitive Co  Air            0%         ∞         100%        8


Dungeon Overview and Level Annotations

Branches:
Dungeon (8/15)             Temple (1/1) D:4
   Lair: D:8-11

Altars:
Ashenzari
Cheibriados
Dithmenos
Elyvilon
Fedhas
Gozag
Hepliaklqana
Makhleb
Nemelex Xobeh
Okawaru
Qazlal
Ru
Sif Muna
Trog
Uskayaw
Vehumet
Wu Jian
Xom
Yredelemnul
Zin
The Shining One

Shops:
D:5 =

Annotations:
D:4 Pikel


Innate Abilities, Weirdness & Mutations

You have sharp fingernails.
You have a moderately thin skeletal structure. (Dex +4, Stealth++)
You regenerate health from kills.
You regenerate magic rapidly.


Message History

The komodo dragon seems to slow down.
The stone freezes the komodo dragon.
The komodo dragon is heavily wounded.
You shoot a stone. The stone hits the komodo dragon.
The stone freezes the komodo dragon.
The komodo dragon is heavily wounded.
The komodo dragon bites you but does no damage.
There is an open door, spattered with blood here.
You shoot a stone.
The stone barely misses the komodo dragon.
You shoot a stone.
The stone hits the komodo dragon but does no damage.
The komodo dragon is heavily wounded.
The komodo dragon is no longer moving slowly.
The komodo dragon bites you!!
Things that are here:
a +0 short sword; a +0 cloak The komodo dragon bites you.
The komodo dragon hisses menacingly.
There is a stone staircase leading down here.
You are too injured to fight recklessly!
Fire: 147 stones
Press: ? - help, Q - select action, (/) - cycle Shift-Dir - straight line, f/p - komodo dragon
Aim: a komodo dragon (moderately wounded, 72% to hit)
You shoot a stone. The stone hits the komodo dragon.
The stone freezes the komodo dragon.
The komodo dragon is heavily wounded.
Fire: 146 stones
Press: ? - help, Q - select action, (/) - cycle Shift-Dir - straight line, f/p - komodo dragon
Aim: a komodo dragon (heavily wounded, 71% to hit)
You shoot a stone. The stone hits the komodo dragon!
The stone freezes the komodo dragon.
The komodo dragon is severely wounded.
The komodo dragon bites you!
Fire: 145 stones
Press: ? - help, Q - select action, (/) - cycle Shift-Dir - straight line, f/p - komodo dragon
Aim: a komodo dragon (severely wounded, 72% to hit)
You shoot a stone.
The stone barely misses the komodo dragon.
The komodo dragon bites you!!
You die...

######### ###########
#.......# #....>....#
#.#####.# #.#######.###.# #.#
#.###.........# ###.#######
#.##.).##.###.###.........#
#.##......# #..##.#.#####.#
#.##...##.###.......#####.###
#.###.###(....(l@...#.......#
#.###..............##.....#.#
#.........####.##.###.....#.#
####.###### #.######.....#.#
#.# #............#.# #.#
##..............# #.#
##..........)##### #.#
##.............#### #.#
##......._....#....#


You could see a komodo dragon.

Vanquished Creatures
  Maurice (D:8)
  A troll (D:6)
  A dream sheep (D:8)
  A steam dragon (D:8)
  Edmund (D:5)
  A water moccasin (D:8)
  Duvessa (D:6)
  2 sky beasts
  A black bear (D:7)
  2 orc warriors
  2 centaurs
  3 ogres (D:5)
  4 lemures (D:5)
  2 phantoms
  A wyvern zombie (D:8)
  3 bullfrogs
  Dowan (D:6)
  4 scorpions
  A water moccasin skeleton (D:5)
  A howler monkey (D:5)
  A centaur zombie (D:5)
  3 hounds
  3 jellies
  A centaur skeleton (D:4)
  A gnoll shaman (D:6)
  2 orc priests (D:7)
  Jessica (D:2)
  2 iguanas
  Natasha (D:2)
  2 hound skeletons (D:5)
  5 gnolls
  4 adders
  A white imp (D:5)
  2 worms
  3 dart slugs
  13 orcs
  8 ball pythons
  6 bats
  8 endoplasms
  6 giant cockroaches
  8 goblins
  7 hobgoblins
  2 jackals (D:2)
  9 kobolds
  5 quokkas
  5 frilled lizards
  A jackal skeleton (D:4)
  5 rats
149 creatures vanquished.

Vanquished Creatures (others)
  4 dream sheep (D:8)
  41 foxfires
  10 fungi
  7 plants (D:8)
62 creatures vanquished.

Grand Total: 211 creatures vanquished

Notes
Turn   | Place    | Note
-------+----------+-------------------------------------------
     0 | D:1      | jt the Demonspawn Cinder Acolyte began the quest for the
                  | Orb.
     0 | D:1      | Reached XP level 1. HP: 18/18 MP: 2/2
    68 | D:1      | Found a faded altar of an unknown god.
   266 | D:1      | Gained mutation: You regenerate a little health from kills.
                  | [demonic ancestry]
   266 | D:1      | Reached XP level 2. HP: 16/24 MP: 3/3
   269 | D:1      | Learned a level 2 spell: Scorch
  1441 | D:2      | Gained mutation: You regenerate magic rapidly. [demonic
                  | ancestry]
  1441 | D:2      | Reached XP level 3. HP: 24/29 MP: 2/4
  2270 | D:2      | Noticed Jessica
  2271 | D:2      | Killed Jessica
  2272 | D:2      | Gained mutation: You have a somewhat thin skeletal
                  | structure. (Dex +2, Stealth+) [demonic ancestry]
  2272 | D:2      | Reached XP level 4. HP: 35/35 MP: 2/5
  2618 | D:2      | Learned a level 2 spell: Wereblood
  2624 | D:2      | Noticed Natasha
  2631 | D:2      | Killed Natasha
  2632 | D:2      | Reached skill level 5 in Axes
  2711 | D:3      | Noticed a scorpion
  2726 | D:3      | Killed a scorpion
  2727 | D:3      | Reached XP level 5. HP: 41/41 MP: 1/6
  2783 | D:3      | Found a blossoming altar of Fedhas.
  3012 | D:3      | Found an iron altar of Okawaru.
  3142 | D:3      | Gained mutation: You have sharp fingernails. [demonic
                  | ancestry]
  3142 | D:3      | Reached XP level 6. HP: 39/47 MP: 1/7
  3511 | D:4      | Found a staircase to the Ecumenical Temple.
  3523 | Temple   | Entered the Ecumenical Temple
  3763 | D:4      | Noticed an orc warrior
  3764 | D:4      | Found a sacrificial altar of Ru.
  4185 | D:4      | Reached skill level 1 in Dodging
  4418 | D:4      | Killed an orc warrior
  4957 | D:5      | Entered Level 5 of the Dungeon
  4960 | D:5      | Noticed Edmund
  4975 | D:5      | Killed Edmund
  4976 | D:5      | Reached skill level 1 in Slings
  4976 | D:5      | Reached XP level 7. HP: 4/53 MP: 0/8
  5270 | D:5      | Reached skill level 4 in Fighting
  5349 | D:5      | Noticed Pikel
  6121 | D:5      | Found Vufeogig's Jewellery Shoppe.
  6663 | D:5      | Reached skill level 5 in Fighting
  6750 | D:5      | Gained mutation: You have a moderately thin skeletal
                  | structure. (Dex +4, Stealth++) [demonic ancestry]
  6750 | D:5      | Reached XP level 8. HP: 43/63 MP: 9/9
  7460 | D:6      | Noticed a troll
  7975 | D:6      | Noticed Duvessa
  7975 | D:6      | Noticed Dowan
  7990 | D:6      | Killed Duvessa
  7991 | D:6      | Reached skill level 6 in Fighting
  7994 | D:6      | Killed Dowan
  8265 | D:6      | Killed a troll
  8266 | D:6      | Reached skill level 7 in Fighting
  8266 | D:6      | Reached skill level 5 in Slings
  8293 | D:6      | Found an ornate altar of the Wu Jian Council.
  9103 | D:7      | Gained mutation: You regenerate health from kills. [demonic
                  | ancestry]
  9103 | D:7      | Reached XP level 9. HP: 48/72 MP: 10/10
  9535 | D:7      | Reached skill level 8 in Fighting
 10696 | D:8      | Noticed Maurice
 10728 | D:8      | Killed Maurice
 10729 | D:8      | Reached skill level 9 in Fighting
 10729 | D:8      | Reached skill level 1 in Armour
 10729 | D:8      | Reached skill level 1 in Evocations
 10769 | D:8      | Found a shimmering altar of Xom.
 10935 | D:8      | Noticed a komodo dragon
 11041 | D:8      | Slain by a komodo dragon

Illustrated notes

Levels and vault maps discovered:
D:1:      matt_arrival_refuge, layout_basic, shapermc_ecumenical_altar_gd
D:2:      layout_basic, kennysheep_small_spiral, uniq_jessica, uniq_natasha
D:3:      layout_basic, mainiacjoe_overflow_brackets,
          gammafunk_temple_overflow_pools
D:4:      layout_cave_pods, minmay_temple_entry_junction_2, minmay_ruined_shrine
D:5:      layout_basic, serial_shops, nicolae_stop_n_shop_2,
          kennysheep_generic_room_2, uniq_pikel, uniq_edmund
D:6:      layout_gridville, lemuel_round_altar, hangedman_decor_growths,
          uniq_duvessa
D:7:      layout_basic
D:8:      layout_loops_corners, kb_xom_exploding_sheep,
          grunt_lair_entry_orc_guard_hut, kennysheep_generic_room_5,
          uniq_maurice
Temple:   eino_temple_scatter_basement

Skill      XL: |  1  2  3  4  5  6  7  8  9 |
---------------+----------------------------+-----
Axes           | 3 4 5 6 |  6.7
Dodging        | 2 |  2.0
Slings         | 1 3 5 6 |  6.0
Fighting       | 5 7 9 |  9.5
Armour         | 2 |  2.0
Evocations     | 2 |  2.9
Spellcasting   | |  1.0
Fire Magic     | |  2.6

Action                   |  1- 3 |  4- 6 |  7- 9 || total
-------------------------+-------+-------+-------++-------
Melee: Hand axe          |    82 |    60 |   113 ||   255
 Fire: Hunting sling     |       |    16 |   381 ||   397
Throw: Dart              |       |       |     4 ||     4
 Cast: Scorch            |    18 |    46 |     8 ||    72
Invok: Foxfire Swarm     |       |     1 |     1 ||     2
Evoke: Wand              |       |       |     4 ||     4
  Use: Scroll            |       |     5 |    12 ||    17
       Potion            |       |       |     4 ||     4
 Stab: Sleeping          |       |     1 |       ||     1
Armor: Robe              |    17 |    15 |     6 ||    38
       Plate armour      |       |       |   175 ||   175
Dodge: Dodged            |    45 |    41 |    80 ||   166

Table legend: (Time is in decaauts)
 A = Elapsed time spent in this place.
 B = Non-inter-level travel time spent in this place.
 C = Inter-level travel time spent in this place.
 D = Time resting spent in this place.
 E = Time spent auto-exploring this place.
 F = Levels seen in this place.
 G = Mean time per level.
                   A        B        C        D        E       F      G
               +--------+--------+--------+--------+--------+-----+--------+
         Total |  11036 |  10547 |    489 |   3615 |   4403 |   9 | 1226.2 |
       Dungeon |  10857 |  10386 |    471 |   3615 |   4260 |   8 | 1357.1 |
        Temple |    178 |    160 |     18 |      0 |    143 |   1 |  178.0 |
               +--------+--------+--------+--------+--------+-----+--------+

Top non-repeatable levels by time:
     D:5: 1987 daAuts
     D:4: 1715 daAuts
     D:1: 1552 daAuts
     D:3: 1289 daAuts
     D:2: 1195 daAuts
     D:7: 1178 daAuts
     D:6: 1106 daAuts
     D:8: 832 daAuts
  Temple: 178 daAuts
